 Dungeon Crawl Stone Soup version 0.28.0 (webtiles) character file.

Game seed: 10695676226344793457

340 HallandMoats the Sneak (level 6, -3/43 HPs)
             Began as an Octopode Monk on Feb 7, 2022.
             Was an Elder of Makhleb.
             Slain by Grinder (4 damage)
             ... while paralysed by Grinder
             ... on level 5 of the Dungeon.
             The game lasted 00:04:19 (4936 turns).

HallandMoats the Sneak (Octopode Monk)              Turns: 4936, Time: 00:04:19

Health: -3/43      AC:  1    Str: 12    XL:     6   Next: 56%
Magic:  8/8        EV:  2    Int: 12    God:    Makhleb [****..]
Gold:   248        SH:  0    Dex: 15    Spells: 5/5 levels left

rFire   . . .      SeeInvis .     - Unarmed
rCold   . . .      Faith    .   (no shield)
rNeg    . . .      Spirit   .   (helmet restricted)
rPois   .          Reflect  .   (no amulet)
rElec   .          Harm     .   (no ring)
rCorr   .          Rampage  .   (no ring)
Will    .....                   (no ring)
Stlth   ++++......              (no ring)
HPRegen 0.14/turn               (no ring)
MPRegen 0.11/turn               (no ring)
                                (no ring)
                                (no ring)

@: paralysed
A: almost no armour, amphibious, 8 rings, camouflage 1, gelatinous body 1,
(nimble swimmer 1), tentacles
a: Renounce Religion, Minor Destruction, Lesser Servant of Makhleb, Major
Destruction


You were on level 5 of the Dungeon.
You worshipped Makhleb.
Makhleb was greatly pleased with you.
You visited 1 branch of the dungeon, and saw 5 of its levels.

You collected 248 gold pieces.

Inventory:

Magical Staves
 b - a staff of poison
Wands
 i - a wand of paralysis (6)
 m - a wand of acid (14)
Scrolls
 a - a scroll of identify {unknown}
 c - a scroll of blinking
 d - a scroll of fog {unknown}
 f - a scroll of enchant armour
 l - a scroll of fear
Potions
 e - a potion of curing
 g - 4 potions of heal wounds {unknown}
 h - a potion of attraction {unknown}
 j - 3 potions of lignification {unknown}


   Skills:
 + Level 4.1 Fighting
 + Level 4.1 Dodging
 + Level 4.8 Stealth
 + Level 4.0 Unarmed Combat
 + Level 3.0 Invocations


You had 5 spell levels left.
You didn't know any spells.
Your spell library contained the following spells:

 Spells                   Type           Power      Damage    Failure   Level
 Summon Small Mammal      Summ           0%         N/A       32%         1
 Scorch                   Fire           0%         2d5       45%         2
 Call Canine Familiar     Summ           0%         N/A       69%         3
 Summon Guardian Golem    Hex/Summ       0%         N/A       69%         3
 Flame Wave               Conj/Fire      0%         2d4       97%         4
 Summon Cactus Giant      Summ           0%         N/A       100%        6


Dungeon Overview and Level Annotations

Branches:
Dungeon (5/15)
 Temple: D:4-7

Altars:
Kikubaaqudgha
Makhleb

Annotations:
D:5 Grinder


Innate Abilities, Weirdness & Mutations

You cannot wear most types of armour.
You are amphibious.
You can wear up to eight rings at the same time.
Your skin changes colour to match your surroundings (Stealth+).
Your rubbery body absorbs attacks. (AC +1, EV +1)
((You are camouflaged when in or above water. (Stealth+)))
You have tentacles for arms and can constrict up to eight enemies at once.


Message History

The jackal is almost dead.
You constrict the jackal.
You kill the jackal!
Makhleb accepts your kill. The jackal closely misses you.
Unknown command.
You barely miss the jackal. Your grab misses the jackal.
The jackal barely misses you.
Unknown command.
You tentacle-slap the jackal.
You kill the jackal!
Makhleb accepts your kill.
You feel better.
Unknown command.
No target in view!
No target in view!
No target in view!
HP restored.
Things that are here:
a jackal corpse; a jackal corpse
h - a yellow potion No target in view!
g - 4 golden potions (gained 1) Grinder comes into view.
Grinder shouts!
Grinder blinks!
Grinder moves out of view.
No target in view!
An ogre comes into view. It is wielding a +0 giant club.
There are monsters nearby!
Grinder gestures at you.
You suddenly lose the ability to move!
The ogre shouts!
Grinder hits you!
The ogre hits you with a +0 giant club!!
Ouch! That really hurt!
* * * LOW HITPOINT WARNING * * *
Grinder hits you!
* * * LOW HITPOINT WARNING * * *
You writhe in agony.
You die...

.........# #.....#
.........# #.....#
.........# #.....#
.........# #.....#
.........# #.....#
.........###.....#####
.....................#
.....................+
################@O...#
#5.../# '.....#
##.....# #..#### ....
...# ....


You could see Grinder and an ogre.

Vanquished Creatures
  An ogre (D:4)
  A phantom (D:2)
  An iguana (D:5)
  3 adders
  4 gnolls (D:3)
  A white imp (D:5)
  An adder skeleton (D:4)
  A worm (D:4)
  A dart slug (D:1)
  5 orcs
  4 bats (D:1)
  6 endoplasms
  2 giant cockroaches
  6 goblins
  3 hobgoblins
  12 jackals
  4 quokkas
  5 ball pythons
  3 frilled lizards
  5 kobolds
  4 rats
73 creatures vanquished.

Notes
Turn   | Place    | Note
-------+----------+-------------------------------------------
     0 | D:1      | HallandMoats the Octopode Monk began the quest for the Orb.
     0 | D:1      | Reached XP level 1. HP: 16/16 MP: 1/1
   233 | D:1      | Found a faded altar of an unknown god.
   243 | D:1      | Prayed at the altar of an unknown god.
   243 | D:1      | Became a worshipper of Makhleb the Destroyer
   243 | D:1      | Reached * piety under Makhleb
   243 | D:1      | Reached ** piety under Makhleb
   328 | D:1      | Reached XP level 2. HP: 21/21 MP: 2/2
   684 | D:1      | Reached *** piety under Makhleb
  1112 | D:2      | Reached skill level 1 in Invocations
  1114 | D:2      | Reached XP level 3. HP: 22/26 MP: 3/3
  1400 | D:2      | You fall into a shaft and drop 2 floors!
  1923 | D:3      | Noticed a phantom
  2172 | D:2      | HP: 1/26 [phantom (6)]
  2176 | D:2      | Killed a phantom
  2177 | D:2      | Reached XP level 4. HP: 1/33 MP: 5/5
  2177 | D:2      | Reached XP level 5. HP: 2/37 MP: 6/6
  3674 | D:4      | Noticed an ogre
  3687 | D:4      | Killed an ogre
  3688 | D:4      | Reached XP level 6. HP: 29/43 MP: 6/8
  3888 | D:4      | Reached **** piety under Makhleb
  4105 | D:4      | Found an ancient bone altar of Kikubaaqudgha.
  4546 | D:5      | Entered Level 5 of the Dungeon
  4929 | D:5      | Noticed Grinder
  4933 | D:5      | Paralysed by Grinder for 4 turns
  4936 | D:5      | HP: 1/43 [Grinder (7)]
  4936 | D:5      | Slain by Grinder

Illustrated notes

Levels and vault maps discovered:
D:1:      dpeg_arrival_pits, layout_basic,
          shapermc_ecumenical_altar_mp_highgroup
D:2:      layout_basic
D:3:      layout_basic
D:4:      layout_basic, lemuel_coloured_pillars_altar
D:5:      layout_basic, minmay_temple_entry_overgrown, uniq_grinder

Skill      XL: |  1  2  3  4  5  6 |
---------------+-------------------+-----
Stealth        | 3 4 |  4.8
Invocations    | 1 2 3 |  3.0
Fighting       | 4 |  4.1
Dodging        | 4 |  4.1
Unarmed Combat | 4 |  4.0

Action                   |  1- 3 |  4- 6 || total
-------------------------+-------+-------++-------
Melee: Unarmed           |    87 |    79 ||   166
       Constrict         |    18 |    20 ||    38
       Punch             |     4 |     5 ||     9
       Tentacles         |    13 |    19 ||    32
  Use: Scroll            |     1 |     8 ||     9
       Potion            |     1 |       ||     1
 Stab: Sleeping          |     7 |    10 ||    17
Armor: Skin              |     8 |     4 ||    12
Dodge: Dodged            |    65 |    40 ||   105
